 Dungeon Crawl Stone Soup version 0.24-a0-524-gf43b32f (webtiles) character file.

Game seed: 11440312447205873928

10817 pkoi the Carver (level 12, -2/96 HPs)
             Began as a Formicid Fighter on July 30, 2019.
             Was an Elder of Okawaru.
             Slain by a 13-headed hydra (6 damage)
             ... on level 1 of the Lair of Beasts.
             The game lasted 00:19:01 (10734 turns).

pkoi the Carver (Formicid Fighter)                 Turns: 10734, Time: 00:19:01

Health: -2/96      AC: 13    Str: 25    XL:     12   Next: 0%
Magic:  18/18      EV: 13    Int:  9    God:    Okawaru [****..]
Gold:   347        SH: 15    Dex: 10    Spells: 11/11 levels left

rFire    . . .     SeeInvis +   a - +3 scimitar
rCold    + . .     Gourm    .   c - +1 shield
rNeg     . . .     Faith    .   w - +4 ring mail "Xedyag" {*Slow rC+ Regen+}
rPois    +         Spirit   .   (helmet unavailable)
rElec    .         Reflect  .   (no cloak)
rCorr    .         Harm     .   C - +0 pair of gloves
MR       +....     Clarity  +   (no boots)
Stlth    ++........             (no amulet)
HPRegen  0.66/turn              v - ring of poison resistance
MPRegen  0.16/turn              o - +3 ring of slaying (curse)

@: heroism
A: permanent stasis, dig shafts and tunnels, four strong arms, antennae 3,
clarity, MP-powered wands
a: Dig, Shaft Self, Heroism, Renounce Religion


You were on level 1 of the Lair of Beasts.
You worshipped Okawaru.
Okawaru was greatly pleased with you.
You were hungry.

You visited 3 branches of the dungeon, and saw 11 of its levels.

You collected 610 gold pieces.
You spent 263 gold pieces at shops.

Inventory:

Hand Weapons
 a - a +3 scimitar (weapon)
 b - the +5 hand crossbow of Glory {velocity, rF+ MP+9 Int+2}
   (You bought it in a shop on level 8 of the Dungeon)

   Any bolt fired from it inflicts extra damage.
   It affects your intelligence (+2).
   It protects you from fire.
   It affects your magic capacity (+9).
 y - a +1 long sword
Missiles
 n - 74 bolts
Armour
 c - a +1 shield (worn)
 w - the +4 ring mail "Xedyag" (worn) {*Slow rC+ Regen+}
   (You found it on level 5 of the Dungeon)

   It protects you from cold.
   It increases your rate of regeneration.
   It may slow you when you take damage.
 A - cursed +0 storm dragon scales
 C - a +0 pair of gloves (worn)
Jewellery
 o - a cursed +3 ring of slaying (right hand)
 v - a ring of poison resistance (left hand)
 B - an uncursed ring of magical power
Wands
 p - a wand of paralysis (9)
 s - a wand of polymorph (9)
 D - a wand of iceblast (9)
Scrolls
 h - 2 scrolls of remove curse
 i - 9 scrolls of identify
 l - 2 scrolls of enchant weapon
 q - a scroll of enchant armour
 t - 3 scrolls of vulnerability
 z - a scroll of fear
Potions
 d - 2 potions of might
 e - 3 potions of curing
 g - 2 potions of lignification
 j - 2 potions of cancellation
 k - 2 potions of flight
 r - a potion of heal wounds
 u - a potion of invisibility
Comestibles
 f - 15 rations


   Skills:
 + Level 9.4(14.4) Fighting
 + Level 10.6(15.6) Long Blades
 + Level 1.4(6.4) Crossbows
 + Level 9.4(14.4) Armour
 + Level 10.2(15.2) Shields
 + Level 8.8 Invocations


You had 11 spell levels left.
You didn't know any spells.
Your spell library contained the following spells:

 Spells                   Type           Power        Failure   Level  Hunger
 Corona                   Hex            #......      47%         1    ##.....
 Summon Small Mammal      Summ           #...         47%         1    ##.....
 Call Imp                 Summ           #.......     63%         2    ###....
 Ensorcelled Hibernation  Hex/Ice        #.....       63%         2    ###....
 Call Canine Familiar     Summ           #.......     85%         3    ####...
 Confuse                  Hex            #.......     85%         3    ####...
 Dazzling Spray           Conj/Hex       #.....       85%         3    ####...
 Summon Guardian Golem    Hex/Summ       #.......     85%         3    ####...
 Tukima's Dance           Hex            #.......     85%         3    ####...
 Summon Ice Beast         Ice/Summ       #.......     99%         4    #####..
 Summon Lightning Spire   Summ/Air       #.......     99%         4    #####..


Dungeon Overview and Level Annotations

Branches:
Dungeon (9/15)             Temple (1/1) D:4            Lair (1/6) D:8
    Orc: D:9-12

Altars:
Ashenzari
Cheibriados
Dithmenos
Elyvilon
Fedhas
Gozag
Hepliaklqana
Makhleb
Nemelex Xobeh
Okawaru
Qazlal
Ru
Sif Muna
Trog
Uskayaw
Vehumet
Wu Jian
Xom
Yredelemnul
Zin
The Shining One

Shops:
D:8 (!   D:9 (

Annotations:
D:4 Grinder
Lair:1 exclusion: oklob plant


Innate Abilities, Weirdness & Mutations

You cannot be hasted, slowed, berserked, paralysed or teleported.
You can dig through walls and to a lower floor.
Your four strong arms can wield two-handed weapons with a shield.
You have a pair of large antennae on your head. (SInv)
You possess an exceptional clarity of mind.
You expend magic power (3 MP) to strengthen your wands.


Message History

The 13-headed hydra is moderately wounded.
You block the 13-headed hydra's attack.
The 13-headed hydra bites you but does no damage.
You block the 13-headed hydra's attack. The 13-headed hydra barely misses you.
You block the 13-headed hydra's attack. x2; The 13-headed hydra bites you!
* * * LOW HITPOINT WARNING * * *
The 13-headed hydra bites you but does no damage.
The 13-headed hydra bites you!
* * * LOW HITPOINT WARNING * * *
The 13-headed hydra bites you.
* * * LOW HITPOINT WARNING * * *
You block the 13-headed hydra's attack. The 13-headed hydra barely misses you.
The 13-headed hydra bites you but does no damage.
Evoke which item? (* to show all) (? for menu, Esc to quit)
Okay, then.
Unknown command.
Are you sure you want to shaft yourself?
You are feeling hungry.
The 13-headed hydra bites you.
You die...

..................#
..................##
.........###.P##...#
+##.....#.......#.##
##............#.#
#....#.........#
#............#.#
#....#.......#.#
#....P+###.##@.#
.............D.#
#..............#
#..............#
.......(...#
.......(..##
..!.......#
P######...# ##...


You could see a 13-headed hydra.

Vanquished Creatures
  Gastronok (D:8)
  A deep elf mage (D:9)
  2 spiny frogs (Lair:1)
  A hippogriff (D:8)
  3 water moccasins
  Duvessa (D:7)
  6 orc warriors
  2 phantoms (D:6)
  An ice beast (D:8)
  A sky beast (D:8)
  3 necrophages
  An ogre (D:7)
  4 centaurs
  2 crocodiles (Lair:1)
  A big kobold (D:8)
  3 bullfrogs
  2 wyvern zombies
  Dowan (D:7)
  A water moccasin zombie (D:5)
  6 scorpions
  5 killer bees (D:7)
  3 wights (D:6)
  2 howler monkeys (D:4)
  4 electric eels (D:9)
  4 crimson imps
  A quasit (D:8)
  6 orc priests
  4 hounds
  2 bullfrog skeletons
  3 jellies
  11 orc wizards
  Jessica (D:3)
  3 centaur skeletons
  Terence (D:3)
  An iguana (D:5)
  4 worker ants
  A hound skeleton (D:8)
  Robin (D:2)
  4 gnolls (D:6)
  12 adders
  A shadow imp (D:5)
  2 adder skeletons (D:6)
  3 worms
  4 dart slugs
  6 leopard geckos
  54 orcs
  3 ball pythons
  7 bats
  2 giant cockroaches
  12 goblins
  15 hobgoblins
  10 jackals
  8 quokkas
  4 frilled lizards
  A jackal skeleton (D:4)
  16 kobolds
  9 rats
273 creatures vanquished.

Vanquished Creatures (others)
  2 jackals (D:1)
  A frilled lizard (D:1)
3 creatures vanquished.

Grand Total: 276 creatures vanquished

Notes
Turn   | Place    | Note
-------+----------+-------------------------------------------
     0 | D:1      | pkoi the Formicid Fighter began the quest for the Orb.
     0 | D:1      | Reached XP level 1. HP: 18/18 MP: 1/1
    45 | D:1      | Reached XP level 2. HP: 19/24 MP: 2/2
   350 | D:1      | Reached XP level 3. HP: 24/29 MP: 3/3
  1050 | D:2      | Noticed Robin
  1148 | D:2      | Reached XP level 4. HP: 33/35 MP: 4/4
  1923 | D:2      | Killed Robin
  1923 | D:2      | Reached XP level 5. HP: 22/41 MP: 5/5
  2600 | D:3      | Noticed Terence
  2607 | D:3      | Killed Terence
  2607 | D:3      | Reached skill level 5 in Long Blades
  2718 | D:3      | Found a snail-covered altar of Cheibriados.
  2747 | D:3      | Found a glowing silver altar of Zin.
  2753 | D:3      | Noticed Jessica
  2757 | D:3      | Killed Jessica
  2810 | D:3      | Found a deep blue altar of Sif Muna.
  2817 | D:3      | Reached XP level 6. HP: 47/47 MP: 6/6
  2831 | D:3      | Found an ornate altar of the Wu Jian Council.
  2834 | D:3      | Found a stormy altar of Qazlal.
  3413 | D:4      | Noticed a water moccasin
  3432 | D:3      | Killed a water moccasin
  3570 | D:3      | Reached XP level 7. HP: 27/52 MP: 7/7
  3872 | D:4      | Found a bloodstained altar of Trog.
  4167 | D:4      | Noticed Grinder
  4392 | D:4      | Found a staircase to the Ecumenical Temple.
  4402 | Temple   | Entered the Ecumenical Temple
  4522 | Temple   | Became a worshipper of Warmaster Okawaru
  4556 | D:4      | Reached XP level 8. HP: 57/60 MP: 8/8
  4746 | D:5      | Entered Level 5 of the Dungeon
  4749 | D:5      | Got a slimy ring mail
  5064 | D:5      | Reached skill level 5 in Shields
  5096 | D:5      | Reached skill level 1 in Invocations
  5364 | D:5      | Found a burning altar of Makhleb.
  5364 | D:5      | Found a shimmering altar of Xom.
  5486 | D:5      | Reached * piety under Okawaru
  5486 | D:5      | Reached skill level 5 in Fighting
  5486 | D:5      | Reached skill level 5 in Armour
  5567 | D:5      | Found a glowing golden altar of the Shining One.
  5903 | D:6      | Found a shadowy altar of Dithmenos.
  6096 | D:6      | Reached XP level 9. HP: 60/68 MP: 10/10
  6361 | D:5      | Identified the +4 ring mail "Xedyag" {*Slow rC+ Regen+}
                  | (You found it on level 5 of the Dungeon)
  6872 | D:6      | Found a shadowy altar of Dithmenos.
  6896 | D:6      | Reached ** piety under Okawaru
  7332 | D:7      | Noticed Duvessa
  7333 | D:7      | Noticed Dowan
  7338 | D:7      | Killed Duvessa
  7343 | D:7      | Killed Dowan
  7589 | D:7      | Reached XP level 10. HP: 72/77 MP: 10/13
  7601 | D:7      | Reached skill level 5 in Invocations
  7617 | D:7      | Reached *** piety under Okawaru
  7697 | D:7      | Reached skill level 10 in Long Blades
  7697 | D:7      | Reached XP level 11. HP: 87/87 MP: 13/16
  7698 | D:7      | Gained mutation: You possess an exceptional clarity of
                  | mind. [potion of mutation]
  7698 | D:7      | Gained mutation: You expend magic power (3 MP) to
                  | strengthen your wands. [potion of mutation]
  8685 | D:8      | Noticed Gastronok
  8769 | D:8      | Killed Gastronok
  8769 | D:8      | Reached **** piety under Okawaru
  8806 | D:8      | Found a staircase to the Lair.
  8807 | D:8      | Found Veusm's Antique Weapon Shoppe.
  8877 | D:8      | Bought a jewelled hand crossbow for 263 gold pieces
  8877 | D:8      | Identified the +5 hand crossbow of Glory {velocity, rF+
                  | MP+9 Int+2} (You bought it in a shop on level 8 of the
                  | Dungeon)
  9309 | D:8      | Found a glowing golden altar of the Shining One.
  9384 | D:8      | Reached skill level 10 in Shields
  9413 | D:8      | Found Upra's Distillery.
  9580 | D:9      | Found Vasmetos's Antique Weapon Shop.
  9925 | D:9      | Found a sacrificial altar of Ru.
 10018 | D:9      | Found a basalt altar of Yredelemnul.
 10136 | D:9      | Noticed a deep elf mage
 10181 | D:9      | Killed a deep elf mage
 10393 | Lair:1   | Entered Level 1 of the Lair of Beasts
 10406 | Lair:1   | Noticed an oklob plant
 10429 | Lair:1   | Reached skill level 1 in Crossbows
 10590 | Lair:1   | Reached ***** piety under Okawaru
 10590 | Lair:1   | Reached XP level 12. HP: 48/96 MP: 18/18
 10719 | Lair:1   | Noticed a seven-headed hydra
 10732 | Lair:1   | HP: 3/96 [13-headed hydra (10)]
 10734 | Lair:1   | Slain by a 13-headed hydra

Levels and vault maps discovered:
D:1:      ncdulo_halloftheorcs, layout_loops_ring
D:2:      layout_basic, nicolae_overflow_hidden_temple, uniq_robin
D:3:      layout_basic, lemuel_round_altar, lemuel_doored_altar,
          overflow_temple_1_default, chequers_temple_overflow_statue_of_worship,
          first_ration, uniq_terence, uniq_jessica
D:4:      layout_loops_cross, lemuel_coloured_pillars_altar, temple_hall,
          uniq_grinder
D:5:      layout_cave_pools, grunt_temple_overflow_champion_of_chaos,
          basic_altar, minmay_misc_feat_diagonals
D:6:      layout_loops_ring, overflow_temple_1_default, grunt_dithmenos_shadows
D:7:      kennysheep_spiral_hall, layout_basic, uniq_duvessa
D:8:      layout_cave_pods, marbit_many_paths, lair_entry_dummy, serial_shops,
          shop, kennysheep_mini_moat, uniq_gastronok
D:9:      layout_big_octagon, old_standard_altar, nicolae_ru_path_of_blood,
          serial_shops, nicolae_shop_overgrown_old_shop,
          guppyfry_early_elven_hall
Temple:   nicolae_temple_figure_zero
Lair:1:   layout_regular_city, grunt_megastairs_3, infiniplex_staircase_pool_2

Skill      XL: |  1  2  3  4  5  6  7  8  9 10 11 |
---------------+----------------------------------+-----
Long Blades    | 3 4 5 7 8 10 | 10.6
Shields        | 4 5 7 9 10 | 10.2
Fighting       | 4 5 6 8 9 |  9.4
Armour         | 4 5 6 8 9 |  9.4
Invocations    | 2 4 7 8 |  8.8
Crossbows      | 1 |  1.4

Action                   |  1- 3 |  4- 6 |  7- 9 | 10-12 || total
-------------------------+-------+-------+-------+-------++-------
Melee: Long sword        |   155 |   344 |   292 |       ||   791
       Scimitar          |       |       |   136 |   285 ||   421
 Fire: Hand crossbow     |       |       |       |    17 ||    17
Invok: Heroism           |       |       |     2 |     2 ||     4
 Abil: Dig               |       |     2 |     4 |     2 ||     8
       Shaft Self        |       |       |       |     1 ||     1
  Use: Potion            |     2 |       |     2 |     2 ||     6
       Scroll            |       |       |    11 |     6 ||    17
 Stab: Invisible         |     1 |       |       |       ||     1
  Eat: Chunk             |     1 |     9 |    14 |    10 ||    34
Armor: Scale mail        |    60 |    42 |       |       ||   102
       Chain mail        |       |    96 |    74 |       ||   170
       Ring mail         |       |       |    36 |    79 ||   115
Dodge: Dodged            |    44 |    92 |    82 |    81 ||   299
Block: Shield            |    84 |   182 |   217 |   149 ||   632
       Rpst.: Long sword |    11 |    26 |    17 |       ||    54
       Scimitar          |       |       |     8 |    28 ||    36

Table legend:
 A = Non-vault XP
 B = Vault XP
 C = Vault XP percentage of total XP
 D = Non-vault monster count
 E = Vault monster count
 F = Vault count percentage of total count
                 A         B        C        D         E       F
            +---------+---------+-------+---------+---------+-------
      Total |    6866 |    4095 |  37.4 |     246 |      27 |   9.9
            +---------+---------+-------+---------+---------+-------
        D:1 |      62 |       2 |   3.1 |      32 |       1 |   3.0
        D:2 |      58 |      36 |  38.3 |      17 |      11 |  39.3
        D:3 |     314 |      73 |  18.9 |      35 |       2 |   5.4
        D:4 |     477 |       0 |   0.0 |      24 |       0 |   0.0
        D:5 |     729 |      50 |   6.4 |      25 |       1 |   3.8
        D:6 |    1158 |     124 |   9.7 |      28 |       1 |   3.4
        D:7 |    1546 |     300 |  16.3 |      32 |       4 |  11.1
        D:8 |    1547 |    2157 |  58.2 |      38 |       2 |   5.0
        D:9 |     471 |     553 |  54.0 |      13 |       1 |   7.1
     Lair:1 |     504 |     800 |  61.3 |       2 |       4 |  66.7
            +---------+---------+-------+---------+---------+-------
